 Dungeon Crawl Stone Soup version 0.18.1-50-g88ac8fd (webtiles) character file.

124 lorenzova the Ruffian (level 4, -2/44 HPs)
             Began as a Troll Monk on Oct 13, 2016.
             Slain by Grinder (5 damage)
             ... on level 3 of the Dungeon.
             The game lasted 00:04:09 (1514 turns).

lorenzova the Ruffian (Troll Monk)                  Turns: 1514, Time: 00:04:10

Health: -2/44      AC:  5    Str: 19    XL:     4   Next: 81%
Magic:  3/3        EV: 10    Int:  6    God:
Gold:   112        SH:  0    Dex: 13    Spells: 0 memorised, 3 levels left

rFire  . . .     SeeInvis .       - Unarmed
rCold  . . .     Gourm    +     a - +0 robe
rNeg   . . .     Faith    .     (no shield)
rPois  .         Spirit   .     (helmet restricted)
rElec  .         Dismiss  .     (no cloak)
rCorr  .         Reflect  .     (gloves unavailable)
SustAt .         Harm     .     (boots unavailable)
MR     .....                    (no amulet)
Stlth  +.........               (no ring)
                                (no ring)

@: not resistant to hostile enchantments, very unstealthy
A: unfitting armour, claws 3, fast metabolism 3, gourmand, regeneration 2,
shaggy fur 1, tough skin 2
a: no special abilities


You were on level 3 of the Dungeon.
You were full.

You visited 1 branch of the dungeon, and saw 3 of its levels.

You collected 112 gold pieces.

Inventory:

Armour
 a - a +0 robe (worn)
Scrolls
 e - a scroll of remove curse {unknown}
 f - 5 scrolls of identify {unknown}
 h - a scroll of enchant armour {unknown}
 j - a scroll of fear {unknown}
 k - a scroll of blinking {unknown}
 m - a scroll of recharging {unknown}
Potions
 c - a potion of curing {unknown}
 d - a potion of brilliance {unknown}
 g - a potion of ambrosia {unknown}
Comestibles
 b - 4 bread rations
 i - 2 fruits
 l - a beef jerky


   Skills:
 - Level 2.4 Fighting
 + Level 2.6 Throwing
 - Level 2.4 Dodging
 - Level 1.1 Stealth
 + Level 5.3 Unarmed Combat


You had 3 spell levels left.
You didn't know any spells.

Dungeon Overview and Level Annotations

Branches:
Dungeon (3/15)

Altars:
Dithmenos

Annotations:
D:3 Grinder


Innate Abilities, Weirdness & Mutations

You are too large for most types of armour.
You have claws for hands.
Your metabolism is lightning-fast.
You like to eat raw meat.
You heal very quickly.
You are covered in fur (AC +1).
You have very tough skin (AC +2).


Message History

You claw Grinder!
Grinder is almost dead.
Grinder hits you.
* * * LOW HITPOINT WARNING * * *
You writhe in agony.
* * * LOW HITPOINT WARNING * * *
You are too injured to fight recklessly!
You are too injured to fight recklessly!
You are too injured to fight recklessly!
You are too injured to fight recklessly!
You are too injured to fight recklessly!
You are too injured to fight recklessly!
You are too injured to fight recklessly!
You are too injured to fight recklessly!
You barely miss Grinder.
Grinder is almost dead.
Grinder hits you.
* * * LOW HITPOINT WARNING * * *
You writhe in agony.
You die...

###############...
#(..)(.(5@<.!...#
#.#######)[...###
#.# #?........ #.#
.......... ...
#.#...####. #.5..
#.##.## #...## #.
.# ##.## #. .# ...


You could see Grinder.

Vanquished Creatures
  Robin (D:3)
  5 adders (D:2)
  A worm (D:2)
  2 dart slugs
  6 bats
  2 giant cockroaches
  15 goblins
  7 hobgoblins
  6 jackals
  5 kobolds
  5 giant newts
  6 rats
61 creatures vanquished.

Notes
Turn   | Place    | Note
--------------------------------------------------------------
     0 | D:1      | lorenzova the Troll Monk began the quest for the Orb.
     0 | D:1      | Reached XP level 1. HP: 22/22 MP: 0/0
   148 | D:1      | Reached XP level 2. HP: 29/29 MP: 1/1
   169 | D:1      | Reached skill level 1 in Throwing
   813 | D:2      | Reached XP level 3. HP: 36/36 MP: 2/2
  1087 | D:2      | Found a shadowy altar of Dithmenos.
  1117 | D:2      | Reached skill level 5 in Unarmed Combat
  1117 | D:2      | Reached XP level 4. HP: 35/44 MP: 3/3
  1400 | D:3      | Noticed Robin
  1405 | D:3      | Noticed Grinder
  1411 | D:3      | Killed Robin
  1455 | D:3      | Paralysed by Grinder for 2 turns
  1506 | D:3      | Paralysed by Grinder for 5 turns
  1514 | D:3      | Slain by Grinder

Skill      XL: |  1  2  3 |
---------------+----------+-----
Throwing       | 1 2 |  2.6
Unarmed Combat | 5 |  5.3
Fighting       | |  2.4
Dodging        | |  2.4
Stealth        | |  1.1

Action                   |  1- 3 |  4- 6 || total
-------------------------+-------+-------++-------
Melee: Unarmed           |    98 |    51 ||   149
       Punch             |     1 |     1 ||     2
 Stab: Sleeping          |       |     1 ||     1
  Eat: Chunk             |    13 |     2 ||    15
Armor: Robe              |    35 |    26 ||    61
Dodge: Dodged            |    45 |    43 ||    88
